 Dungeon Crawl Stone Soup version 0.17-a0-1570-g74b7129 (webtiles) character file.

106663 Chiseanne the Protected (level 15, -4/113 HPs)
             Began as a Demonspawn Wanderer on July 23, 2015.
             Was an Initiate of Gozag.
             Killed from afar by a swamp dragon (47 damage)
             ... with an exploding inner flame
             ... hexed by the player character
             ... on level 4 of the Swamp.
             The game lasted 03:07:44 (32349 turns).

Chiseanne the Protected (Demonspawn Wanderer)      Turns: 32349, Time: 03:07:45

Health: -4/113     AC: 28    Str: 20    XL:     15   Next: 98%
Magic:  39/39      EV: 22    Int: 15    God:    Gozag
Gold:   392        SH:  5    Dex: 17    Spells: 9 memorised, 8 levels left

rFire  . . .     SeeInvis .     s - +6 war axe (flame)
rCold  + . .     Clarity  .     e - +5 chain mail {MR+}
rNeg   + + .     SustAt   .     G - +0 buckler
rPois  +         Gourm    .     m - +2 helmet of the New World {rN++ Regen+ MP+9 Int-4}
rElec  +         Spirit   .     o - +2 cloak {+Inv}
rCorr  .         Warding  .     u - +2 pair of gloves {archery}
rMut   .         Stasis   .     (boots unavailable)
MR     ++++.                    Y - amulet of the Air {Inacc +Fly rElec EV+5 RMsl}
Stlth  ..........               W - ring of the Mage {Wiz MR++ Int+3}
                                f - ring of the Sturgeon {rPois Str+4 Dex+4 Slay+3 Stlth+}

@: about to teleport, short of breath, repel missiles, incredibly resistant to
hostile enchantments, extremely unstealthy
A: hooves 3, repulsion field 2, breathe flames 1, cold resistance 1, demonic
guardian 2, freezing cloud immunity
a: Potion Petition, Call Merchant, Bribe Branch, Renounce Religion, Breathe
Fire, Evoke Invisibility, Evoke Flight


You were on level 4 of the Swamp.
You worshipped Gozag.
Gozag was noncommittal.
You were not hungry.

You visited 5 branches of the dungeon, and saw 29 of its levels.
You also visited: Ossuary and Ice Cave.

You collected 11617 gold pieces.
You spent 5725 gold pieces at shops.
You paid 5500 gold pieces to Gozag.

Inventory:

Hand weapons
 a - a +7 whip of electrocution
 d - the +10 scimitar "Jexampy" {slice, rN+}
   (You found it on level 3 of the Elven Halls)

   It inflicts extra damage upon your enemies.
   It protects you from negative energy.
 s - a +6 war axe of flaming (weapon)
 w - the +6 blowgun of Nigol {evade, rC+}
   (You bought it in a shop on level 4 of the Orcish Mines)

   It affects your evasion (+5 to EV).
   It protects you from cold.
Missiles
 n - 80 poisoned needles
 q - 3 curare-tipped needles
Armour
 e - a +5 chain mail of magic resistance (worn)
 m - the +2 helmet of the New World (worn) {rN++ Regen+ MP+9 Int-4}
   (You bought it in a shop on level 14 of the Dungeon)

   It affects your intelligence (-4).
   It greatly protects you from negative energy.
   It affects your magic capacity (+9).
   It increases your rate of regeneration.
 o - a +2 cloak of invisibility (worn)
 r - a +0 shield
 u - a +2 pair of gloves of archery (worn)
 G - a +0 buckler (worn)
Rods
 D - a +6 iron rod (13/13)
   (You found it on level 3 of the Elven Halls)
Jewellery
 f - the ring of the Sturgeon (left hand) {rPois Str+4 Dex+4 Slay+3 Stlth+}
   (You bought it in a shop on level 8 of the Dungeon)

   [ring of poison resistance]

   It affects your strength (+4).
   It affects your dexterity (+4).
   It affects your accuracy and damage with ranged weapons and melee attacks
   (+3).
   It protects you from poison.
   It makes you more stealthy.
 h - an uncursed ring of protection from fire
 v - an uncursed amulet of clarity
 I - an uncursed ring of invisibility
 K - an uncursed ring of see invisible
 L - an uncursed ring of teleportation
 W - the ring of the Mage (right hand) {Wiz MR++ Int+3}
   (You found it on level 3 of the Elven Halls)

   [ring of wizardry]

   It improves your spell success rate.
   It affects your intelligence (+3).
   It affects your resistance to hostile enchantments.
 Y - the amulet of the Air (around neck) {Inacc +Fly rElec EV+5 RMsl}
   (You bought it in a shop on level 8 of the Dungeon)

   [amulet of inaccuracy]

   It reduces the accuracy of all your attacks.
   It affects your evasion (+5).
   It insulates you from electricity.
   It lets you fly.
   It protects you from missiles.
 Z - the ring "Eceqogani" {+Inv rPois Str+5}
   (You found it on level 3 of the Elven Halls)

   [ring of poison resistance]

   It affects your strength (+5).
   It protects you from poison.
   It lets you turn invisible.
Magical devices
 c - a wand of disintegration (5)
 l - a wand of teleportation (4)
 y - a wand of hasting (0)
 E - a wand of teleportation (1)
 P - a wand of digging (3)
Scrolls
 b - 10 scrolls of remove curse
 g - 7 scrolls of teleportation
 j - 2 scrolls of amnesia
 t - 7 scrolls of fog
 F - 5 scrolls of recharging
 R - 4 scrolls of identify
Potions
 i - 2 potions of cancellation
 k - a potion of cure mutation
 A - 7 potions of curing
 B - a potion of lignification
 C - 3 potions of magic
 H - 3 potions of flight
 J - a potion of haste
Miscellaneous
 p - a stone of tremors
 S - a sack of spiders {used: 4}
 T - a fan of gales
Comestibles
 z - 13 meat rations


   Skills:
 - Level 9.2 Fighting
 * Level 3.7 Long Blades
 - Level 1.7(3.2) Axes
 - Level 4.2(4.4) Maces & Flails
 * Level 13.6 Armour
 - Level 10.2 Dodging
 - Level 1.0 Stealth
 - Level 4.6 Shields
 * Level 11.5 Spellcasting
 - Level 8.4 Summonings
 * Level 9.9 Translocations
 - Level 6.4 Evocations


You had 8 spell levels left.
You knew the following spells:

 Your Spells              Type           Power        Failure   Level  Hunger
a - Apportation           Tloc           #####.....   1%          1    None
b - Summon Small Mammal   Summ           ####         1%          1    None
c - Call Imp              Summ           ####....     1%          2    None
d - Blink                 Tloc           N/A          1%          2    None
e - Passage of Golubria   Tloc           N/A          4%          4    ###....
f - Shroud of Golubria    Chrm/Tloc      ###.......   4%          2    None
g - Phase Shift           Tloc           #####.....   10%         5    #####..
h - Controlled Blink      Tloc           N/A          99%         7    #######
i - Summon Forest         Summ/Tloc      #####.....   12%         5    #####..


Dungeon Overview and Level Annotations

Branches:
Dungeon (15/15)            Temple (0/1) D:6            Lair (3/8) D:10
  Swamp (4/4) Lair:3          Orc (4/4) D:9             Elf (3/3) Orc:4
 Vaults (0/5) D:13         Depths (0/5) D:15
  Snake: Lair:3-6    Spider: Lair:3-6

Altars:
Ashenzari
Dithmenos
Fedhas
Gozag
Okawaru
Sif Muna
Trog
Xom
Zin
Beogh

Shops:
D:8 =   D:12 *   D:14 [   D:15 }   Orc:3 *   Orc:4 =*%[(   Elf:1 *

Annotations:
D:3 Sigmund
Swamp:3 exclusion: downstairs
Swamp:4 Lernaean hydra
Orc:4 FIQ's ghost, powerful MiBe
Elf:2 3 runed doors


Innate Abilities, Weirdness & Mutations

You have hooves in place of feet.
You are surrounded by a moderate repulsion field (EV +3).
Your flesh is cold resistant.
A demonic guardian rushes to your aid.
You are immune to freezing clouds.
You can breathe flames.


Message History

The swamp dragon is no longer distracted by gold.
The swamp dragon is engulfed in a cloud of scalding steam.
The swamp dragon is engulfed in roaring flames.
The eight-headed hydra is engulfed in roaring flames.
Read which item? (? for menu, Esc to quit)
As you read the scroll of teleportation, it crumbles to dust.
You feel strangely unstable.
The eight-headed hydra is engulfed in roaring flames.
The swamp dragon is engulfed in a cloud of scalding steam. x2
The swamp dragon explodes!
The fiery explosion engulfs the swamp dragon.
The swamp dragon explodes!
The fiery explosion engulfs the 26-headed Lernaean hydra.
The 26-headed Lernaean hydra is moderately wounded.
The fiery explosion engulfs your smoke demon.
Your smoke demon resists.
Your smoke demon is lightly wounded.
The fiery explosion engulfs you!
You die...
Your body crumbles into a pile of gold.

**♣≈≈≈♣♣♣♣♣♣♣♣$≈≈≈≈* ***
*,.≈.≈♣♣♣..≈.§♣*,,♣♣
*..≈♣♣♣♣.≈≈≈≈§♣**♣.♣ ***
♣♣♣♣* ♣.≈≈≈≈.♣♣♣.$♣****,,
♣$≈≈§≈§.≈≈≈.*,,,,,,
♣.≈≈§≈§§..≈≈,≈≈,,,≈
♣≈§§§§§§♣,≈,,≈,,,≈≈
♣♣♣≈§§3§§≈♣≈,,,≈≈,,≈*
♣♣♣≈≈.@D§§§D♣***,,≈,≈**
*♣..≈<.§♣♣♣knD≈≈≈≈≈≈≈***
♣≈.≈≈≈.♣♣ *♣§≈≈≈...$***≈
***♣♣.≈≈≈♣♣ *,.≈≈≈...$**,,
*≈,≈§...≈♣*****,≈≈≈≈.≈,,,,,
*≈≈≈≈≈..≈≈≈≈≈,≈≈≈≈≈.≈≈**,,,
*.≈≈≈...≈≈≈≈≈,≈≈,.≈≈..****,
*≈.≈..§.≈≈≈≈≈,,,*♣♣..≈,,***
*♣♣♣....≈≈≈≈,,*** **,,,,≈**


You could see the 26-headed Lernaean hydra (inner flame), an eight-headed hydra
(inner flame), a swamp dragon (inner flame), a bog body (inner flame), a smoke
demon and a swamp drake.

Vanquished Creatures
  A deep elf master archer (Elf:3)
  Frances (D:13)
  An orc warlord (Orc:4)
  2 deep elf sorcerers (Elf:3)
  3 deep elf demonologists (Elf:3)
  3 deep elf annihilators (Elf:3)
  An ettin (D:15)
  7 hydras
  2 centaur warriors
  4 alligators (Swamp:3)
  A deep troll earth mage (D:12)
  An ogre mage (D:15)
  6 deep elf knights
  Nergalle (Orc:4)
  3 unseen horrors
  4 hill giants
  2 ice statues (IceCv)
  2 deep elf summoners
  Pikel (D:6)
  6 deep elf conjurers
  2 orc knights
  A wolf spider zombie (D:15)
  An orc sorcerer (Orc:2)
  An ugly thing (D:12)
  A wolf spider (D:13)
  2 salamanders (shapeshifter)
  2 cyclopes (D:15)
  A black mamba (Lair:3)
  A vault sentinel (D:13)
  3 centaur zombies
  A gargoyle (D:15)
  4 centaur skeletons
  2 komodo dragons
  A yaktaur (D:15)
  A deep elf priest (Elf:1)
  2 spiny frogs
  An efreet (D:13)
  A fire drake (Lair:2)
  2 tengu conjurers
  A troll (Orc:4)
  A merfolk (shapeshifter) (D:15)
  A polar bear (shapeshifter) (D:12)
  Grinder (D:6)
  A blink frog (shapeshifter) (D:14)
  A bog body (Swamp:3)
  2 two-headed ogres
  4 blink frogs (Lair:1)
  A trapdoor spider (D:12)
  10 slime creatures
  A shadow (D:10)
  4 wyverns
  A vampire (D:14)
  6 deep elf fighters
  2 wraiths
  13 deep elf magi
  16 humans (D:13)
  23 yaks
  Grum (Lair:1)
  16 vampire mosquitoes
  A steam dragon (D:11)
  7 hippogriffs
  4 basilisks
  4 insubstantial wisps (Swamp:1)
  A swamp worm (Swamp:3)
  5 hungry ghosts
  5 wolves
  7 wargs
  2 mottled dragons
  2 water moccasins (D:12)
  3 porcupines
  3 sky beasts
  2 swamp drakes
  11 ice beasts
  2 phantoms
  11 centaurs
  An eye of draining (D:15)
  2 wasps
  A necrophage (D:14)
  19 orc warriors
  9 ogres
  8 crocodiles
  8 giant frogs
  4 big kobolds
  A wyvern skeleton (D:8)
  5 scorpions
  A water moccasin skeleton (D:9)
  12 killer bees
  A spriggan skeleton (D:9)
  14 wights
  A troll skeleton (D:9)
  5 crimson imps
  4 quasits
  3 giant frog zombies
  16 orc priests
  20 orc wizards
  2 giant frog skeletons
  Crazy Yiuf (D:3)
  A jelly (D:11)
  7 hounds
  10 iguanas
  14 worker ants
  A hound skeleton (D:10)
  5 mummies (Ossuary)
  A worker ant zombie (D:7)
  2 gnolls (D:9)
  7 river rats
  5 adders
  5 shadow imps
  An ooze (D:1)
  2 adder skeletons
  4 giant geckos
  117 orcs
  Natasha (D:3)
  A ball python (D:2)
  23 bats
  A bat skeleton (D:8)
  2 bat zombies (D:5)
  A gnoll zombie (Ossuary)
  15 goblins
  16 hobgoblins
  5 jackals (D:1)
  29 kobolds
  A quokka (D:3)
  3 giant cockroaches
  9 giant newts
  An orc zombie (Ossuary)
  A quokka skeleton (D:10)
  A quokka zombie (D:5)
  7 rats
695 creatures vanquished.

Vanquished Creatures (collateral kills)
  Rupert (Orc:2)
  Gastronok (D:9)
  Agnes (Elf:1)
  A thorn hunter (Swamp:3)
  Maud (D:13)
  3 deep elf sorcerers (Elf:3)
  2 deep elf annihilators
  A deep elf high priest (Elf:3)
  Erolcha (D:11)
  7 hydras
  An alligator (Swamp:3)
  2 ogre magi
  4 centaur warriors
  An orc high priest (Orc:4)
  3 deep elf knights
  A tengu warrior (D:12)
  A skeletal warrior (D:13)
  A fire crab (shapeshifter) (Elf:3)
  2 hill giants
  3 deep elf summoners
  An ice statue (IceCv)
  3 deep elf conjurers
  2 orc knights (Orc:4)
  2 orc sorcerers (Orc:4)
  2 ugly things (D:11)
  A gargoyle (D:14)
  Maurice (Orc:1)
  3 manticores
  A vault sentinel (D:13)
  A kobold demonologist (D:11)
  A spiny frog (Swamp:3)
  6 deep elf priests
  A troll (D:15)
  2 giant leeches
  A two-headed ogre (D:9)
  4 slime creatures (D:12)
  A blink frog (Lair:1)
  25 yaks
  A wyvern (D:15)
  4 vampire mosquitoes
  A spriggan (Swamp:4)
  3 basilisks
  8 deep elf fighters
  10 deep elf magi
  A hungry ghost (D:10)
  A swamp worm (Swamp:1)
  3 wolves (Lair:3)
  2 wargs (Orc:4)
  11 orc warriors
  A phantom (D:6)
  6 ice beasts (D:13)
  A black bear (D:8)
  A sky beast (D:5)
  A wasp (Swamp:4)
  7 ogres
  A boggart (D:12)
  4 centaurs
  4 giant frogs
  A wyvern zombie (D:13)
  2 killer bees
  5 wights
  3 crimson imps
  4 centaur zombies
  7 orc wizards
  A centaur skeleton (D:9)
  8 orc priests
  A gnoll shaman (D:9)
  Natasha (twice) (D:3)
  3 worker ants
  4 mummies
  4 gnolls
  3 river rats
  4 adders
  2 shadow imps
  An ooze (D:3)
  2 worms (D:2)
  72 orcs
  A bat zombie (D:7)
  A giant cockroach (D:1)
  A gnoll zombie (Ossuary)
  5 goblins
  3 hobgoblins
  4 kobolds
  A quokka (D:11)
  3 bats
  A giant newt (D:3)
  A hobgoblin zombie (Ossuary)
  A jackal (D:1)
  A kobold zombie (Ossuary)
  3 orc zombies (Ossuary)
  A rat (D:10)
323 creatures vanquished.

Vanquished Creatures (others)
  4 dancing weapons (Elf:2)
  A deep elf knight (Elf:2)
  A deep elf summoner (Elf:1)
  2 deep elf magi (Elf:1)
  2 deep elf fighters
  A swamp drake (Swamp:4)
  4 slaves (D:6)
  An orc warrior (Orc:4)
  Blork the orc (Orc:4)
  2 giant frogs (D:15)
  A scorpion (D:7)
  A wight (D:6)
  A hound (D:7)
  An orc priest (D:5)
  An orc wizard (D:7)
  4 gnolls (D:7)
  2 orcs
  A giant cockroach (D:7)
  A goblin (D:7)
  A bush (D:10)
  4 fungi (D:10)
  7 plants (D:10)
  5 toadstools (D:1)
49 creatures vanquished.

Grand Total: 1067 creatures vanquished

Notes
Turn   | Place    | Note
--------------------------------------------------------------
     0 | D:1      | Chiseanne the Demonspawn Wanderer began the quest for the Orb.
     0 | D:1      | Chiseanne set off with: a +2 hand axe, a potion of curing, the Reference Book on Calling, a +0 robe, a bread ration
     0 | D:1      | Reached XP level 1. HP: 15/15 MP: 2/2
     1 | D:1      | Identified the Reference Book on Calling
     3 | D:1      | Learned a level 1 spell: Summon Small Mammal
   472 | D:1      | Gained mutation: Your flesh is cold resistant. [demonic ancestry]
   472 | D:1      | Reached XP level 2. HP: 11/21 MP: 3/3
   613 | D:1      | Learned a level 2 spell: Call Imp
   814 | D:1      | Reached skill level 1 in Dodging
  1183 | D:1      | Gained mutation: You have large cloven feet. [demonic ancestry]
  1183 | D:1      | Reached XP level 3. HP: 26/26 MP: 1/5
  2420 | D:3      | HP: 1/27 [orc/mace (8)]
  2767 | D:3      | Gained mutation: You are surrounded by a mild repulsion field (EV +2). [demonic ancestry]
  2767 | D:3      | Reached XP level 4. HP: 19/33 MP: 2/7
  3363 | D:3      | Noticed Natasha
  3367 | D:3      | Found a shadowy altar of Dithmenos.
  3370 | D:3      | Killed Natasha
  3447 | D:3      | Noticed Natasha
  3633 | D:3      | Noticed Sigmund
  3942 | D:3      | Killed Natasha
  4001 | D:3      | Noticed Natasha
  4012 | D:3      | Killed Natasha
  4012 | D:3      | Reached XP level 5. HP: 24/38 MP: 2/8
  4174 | D:3      | Noticed a sky beast
  4196 | D:3      | Killed a sky beast
  4282 | D:3      | Noticed Crazy Yiuf
  4286 | D:3      | Killed Crazy Yiuf
  4692 | D:4      | Reached XP level 6. HP: 46/46 MP: 10/10
  5065 | D:4      | Found a deep blue altar of Sif Muna.
  5066 | D:4      | Found an iron altar of Okawaru.
  5092 | D:4      | Found a glowing silver altar of Zin.
  5098 | D:4      | Found an opulent altar of Gozag.
  5107 | D:4      | Became a worshipper of Gozag Ym Sagoz the Greedy
  5248 | D:5      | Entered Level 5 of the Dungeon
  5274 | D:5      | Found a bloodstained altar of Trog.
  5302 | D:5      | Reached skill level 1 in Armour
  5423 | D:5      | Found a sand-covered staircase.
  5443 | Ossuary  | Entered an ossuary
  5996 | Ossuary  | Identified a scroll of acquirement
  6156 | D:5      | Gained mutation: A weak demonic guardian rushes to your aid. [demonic ancestry]
  6156 | D:5      | Reached XP level 7. HP: 23/51 MP: 7/12
  6347 | D:5      | Reached skill level 5 in Summonings
  7010 | D:6      | Gained mutation: You have hoof-like feet. [demonic ancestry]
  7010 | D:6      | Reached XP level 8. HP: 31/58 MP: 5/14
  7694 | D:6      | Found a shattered altar of Ashenzari.
  7718 | D:6      | Noticed Grinder
  7720 | D:6      | Noticed Pikel
  7744 | D:6      | Killed Pikel
  7744 | D:6      | Reached skill level 5 in Dodging
  7744 | D:6      | Reached skill level 5 in Spellcasting
  7771 | D:6      | Killed Grinder
  8371 | D:6      | Found a staircase to the Ecumenical Temple.
  8648 | D:7      | Gained mutation: You are surrounded by a moderate repulsion field (EV +3). [demonic ancestry]
  8648 | D:7      | Reached XP level 9. HP: 56/65 MP: 17/17
  9098 | D:7      | Reached skill level 6 in Summonings
 10000 | D:7      | Found a shimmering altar of Xom.
 10244 | D:8      | Found Jyciploy's Jewellery Shop.
 10254 | D:8      | Bought the ring of the Sturgeon {rPois Str+4 Dex+4 Slay+3 Stlth+} for 710 gold pieces
 10958 | D:8      | Reached skill level 5 in Armour
 11460 | D:8      | Bought an uncursed ring of see invisible for 180 gold pieces
 11836 | D:8      | Noticed an unseen horror
 11854 | D:8      | Killed an unseen horror
 12132 | D:9      | Gained mutation: You are immune to freezing clouds. [demonic ancestry]
 12132 | D:9      | Reached XP level 10. HP: 71/73 MP: 20/20
 12139 | D:9      | Found a runed door.
 12223 | D:9      | Reached skill level 5 in Fighting
 12429 | D:9      | Reached skill level 7 in Dodging
 13366 | D:9      | Noticed Gastronok
 13395 | D:9      | Killed Gastronok
 13628 | D:9      | Found a staircase to the Orcish Mines.
 13644 | D:9      | Found Pydaleel's Magic Scroll Boutique.
 13652 | D:9      | Bought a scroll of enchant weapon for 82 gold pieces
 13652 | D:9      | Bought a scroll of summoning for 104 gold pieces
 13652 | D:9      | Bought a scroll of enchant weapon for 82 gold pieces
 13652 | D:9      | Bought a scroll of identify for 22 gold pieces
 13652 | D:9      | Bought a scroll of blinking for 82 gold pieces
 13652 | D:9      | Bought a scroll of fog for 22 gold pieces
 13652 | D:9      | Bought a scroll of random uselessness for 11 gold pieces
 13652 | D:9      | Bought a scroll of remove curse for 33 gold pieces
 13652 | D:9      | Bought a scroll of amnesia for 38 gold pieces
 13731 | D:9      | Found a blossoming altar of Fedhas.
 13982 | D:10     | Entered Level 10 of the Dungeon
 14351 | D:10     | Gained mutation: A demonic guardian rushes to your aid. [demonic ancestry]
 14351 | D:10     | Reached XP level 11. HP: 71/81 MP: 22/22
 14374 | D:10     | Reached skill level 8 in Dodging
 14681 | D:10     | Noticed a hill giant
 14689 | D:10     | Killed a hill giant
 14817 | D:10     | Found a staircase to the Lair.
 15505 | D:11     | Noticed a five-headed hydra
 15509 | D:11     | Killed a five-headed hydra
 15569 | D:11     | Noticed an unseen horror
 15580 | D:11     | Killed an unseen horror
 15868 | D:11     | Reached skill level 9 in Dodging
 15948 | D:11     | Noticed a centaur warrior
 15966 | D:11     | Killed a centaur warrior
 16241 | D:11     | Noticed Erolcha
 16245 | D:11     | Killed Erolcha
 16632 | D:8      | Bought the amulet of the Air {Inacc +Fly rElec EV+5 RMsl} for 571 gold pieces
 16756 | Orc:1    | Entered Level 1 of the Orcish Mines
 16801 | Orc:1    | Noticed Maurice
 16811 | Orc:1    | Killed Maurice
 16811 | Orc:1    | Reached XP level 12. HP: 86/91 MP: 21/25
 17015 | Orc:2    | Noticed Rupert
 17029 | Orc:2    | Killed Rupert
 17261 | Orc:2    | Found a bloodstained altar of Trog.
 18166 | Orc:4    | Entered Level 4 of the Orcish Mines
 18320 | Orc:4    | Found Camuowamn's Food Boutique.
 18343 | Orc:4    | Found a staircase to the Elven Halls.
 18363 | Orc:4    | Bought 4 fruits for 66 gold pieces
 18363 | Orc:4    | Bought a beef jerky for 16 gold pieces
 18363 | Orc:4    | Bought a meat ration for 55 gold pieces
 18363 | Orc:4    | Bought 2 fruits for 33 gold pieces
 18363 | Orc:4    | Bought a slice of pizza for 16 gold pieces
 18363 | Orc:4    | Bought a beef jerky for 16 gold pieces
 18547 | Orc:4    | Noticed an orc warlord
 18550 | Orc:4    | Noticed Blork the orc
 18593 | Orc:4    | Killed Blork the orc
 18664 | Orc:4    | Killed an orc warlord
 18937 | Orc:4    | Noticed Nergalle
 18966 | Orc:4    | Killed Nergalle
 18978 | Orc:4    | Found a roughly hewn altar of Beogh.
 19075 | Orc:4    | Found Qigygoh's Antique Armour Shop.
 19092 | Orc:4    | Found Cadig's Jewellery Shop.
 19099 | Orc:4    | Bought a cursed -5 ring of protection for 30 gold pieces
 19109 | Orc:4    | Found Pashratz's General Store.
 19125 | Orc:4    | Bought a scroll of fog for 28 gold pieces
 19134 | Orc:4    | Found Nyugrep's Antique Weapon Shop.
 19141 | Orc:4    | Bought a steaming long sword for 280 gold pieces
 19141 | Orc:4    | Identified the +4 long sword "Qughowec" {drain, rN+} (You bought it in a shop on level 4 of the Orcish Mines)
 19186 | Orc:4    | Noticed FIQ's ghost (powerful MiBe)
 19241 | Orc:2    | Reached skill level 5 in Evocations
 19562 | D:12     | Found Enwivvis's Assorted Antiques.
 19570 | D:12     | Bought a scroll of recharging for 180 gold pieces
 19570 | D:12     | Bought a scroll of identify for 38 gold pieces
 19701 | D:12     | Noticed a centaur warrior
 19702 | D:12     | Noticed a hill giant
 19709 | D:12     | Killed a centaur warrior
 19742 | D:12     | Killed a hill giant
 19866 | D:12     | Reached skill level 10 in Dodging
 20097 | D:12     | Noticed a centaur warrior
 20104 | D:12     | Reached XP level 13. HP: 75/101 MP: 26/26
 20111 | D:12     | Killed a centaur warrior
 20112 | D:12     | Reached skill level 10 in Armour
 20129 | D:12     | Noticed a deep troll earth mage
 20148 | D:12     | Killed a deep troll earth mage
 20182 | D:12     | Noticed a tengu warrior
 20255 | D:12     | Killed a tengu warrior
 20274 | D:12     | Noticed an ogre mage
 20286 | D:12     | Killed an ogre mage
 20433 | D:12     | Learned a level 7 spell: Controlled Blink
 20613 | D:12     | Reached skill level 1 in Translocations
 20795 | D:12     | Noticed a four-headed hydra
 20806 | D:12     | Killed a four-headed hydra
 21152 | D:13     | Found a gate to the Vaults.
 21518 | D:13     | Found a frozen archway.
 21529 | IceCv    | Entered an ice cave
 21752 | IceCv    | Reached skill level 11 in Armour
 21778 | IceCv    | Identified the Disquisition on Confrontation
 21859 | D:13     | Reached skill level 5 in Translocations
 22231 | D:13     | Reached skill level 1 in Shields
 22493 | D:13     | Noticed Maud
 22499 | D:13     | Killed Maud
 22706 | D:13     | Noticed Frances
 22718 | D:13     | Killed Frances
 23330 | D:14     | Found Cueruraa's Armour Shoppe.
 23358 | D:14     | Bought the +2 helmet of the New World {rN++ Regen+ MP+9 Int-4} for 424 gold pieces
 23450 | D:14     | Reached XP level 14. HP: 108/108 MP: 27/27
 23655 | D:14     | Learned a level 1 spell: Apportation
 23658 | D:14     | Learned a level 2 spell: Blink
 23984 | D:15     | Entered Level 15 of the Dungeon
 24153 | D:15     | Reached skill level 10 in Spellcasting
 24250 | D:15     | Found Osunoud's Gadget Emporium.
 24464 | D:15     | Found a staircase to the Depths.
 25201 | Orc:3    | Found a roughly hewn altar of Beogh.
 25465 | Orc:3    | Found Wasejion's Whimsical Warehouse.
 25475 | Orc:3    | Bought a book of the Warp for 1440 gold pieces
 25587 | Orc:4    | Bought the +6 blowgun of Nigol {evade, rC+} for 658 gold pieces
 25587 | Orc:4    | Bought a scroll of enchant armour for 105 gold pieces
 26058 | Elf:1    | Entered Level 1 of the Elven Halls
 26130 | Elf:1    | Found Osismam's Assorted Antiques.
 26146 | Elf:1    | Bought a vibrating bronze ring for 155 gold pieces
 26151 | Elf:1    | Identified the ring "Rech" {rPois MP+9} (You bought it in a shop on level 1 of the Elven Halls)
 26155 | Elf:1    | Bought 2 potions of agility for 248 gold pieces
 26179 | Elf:1    | Reached skill level 12 in Armour
 26307 | Elf:1    | Reached skill level 1 in Maces & Flails
 26680 | Elf:1    | Noticed Agnes
 26696 | Elf:1    | Killed Agnes
 27499 | Elf:2    | Gained mutation: You have hooves in place of feet. [demonic ancestry]
 27499 | Elf:2    | Reached XP level 15. HP: 113/113 MP: 29/29
 27510 | Elf:2    | Found a runed gate.
 27510 | Elf:2    | Found a runed gate.
 27511 | Elf:2    | Found a runed gate.
 27709 | Elf:2    | Got a smoking zirconium amulet
 27712 | Elf:2    | Identified the amulet of Megalomania {rMut rC+ rN+ Str+3 Dex+4} (You found it on level 2 of the Elven Halls)
 27798 | Elf:3    | Entered Level 3 of the Elven Halls
 27837 | Elf:3    | Noticed a deep elf master archer
 27867 | Elf:3    | Killed a deep elf master archer
 27966 | Elf:3    | Reached skill level 13 in Armour
 27982 | Elf:3    | Noticed a Hell Sentinel
 28317 | Elf:3    | Got a translucent scimitar
 28318 | Elf:3    | Identified the +10 scimitar "Jexampy" {slice, rN+} (You found it on level 3 of the Elven Halls)
 28324 | Elf:3    | Got a wizard robe
 28325 | Elf:3    | Identified the +0 robe "Pacwixynn" {rF+ rC- rCorr Str+2 Int+3} (You found it on level 3 of the Elven Halls)
 28398 | Elf:3    | Got a wavering brass ring
 28419 | Elf:3    | Got a wavering golden ring
 28421 | Elf:3    | Identified the ring of Limitation {-Tele rF+ MR+ Int+6} (You found it on level 3 of the Elven Halls)
 28423 | Elf:3    | Identified the ring "Eceqogani" {+Inv rPois Str+5} (You found it on level 3 of the Elven Halls)
 28565 | Elf:3    | Noticed a deep elf master archer
 28571 | Elf:3    | Noticed a deep elf blademaster
 28591 | Elf:3    | Noticed a deep elf blademaster
 28629 | Elf:3    | HP: 3/113 [deep elf blademaster/rapier (6)]
 29136 | D:15     | Learned a level 2 spell: Shroud of Golubria
 29141 | D:15     | Learned a level 4 spell: Passage of Golubria
 29147 | D:15     | Learned a level 5 spell: Phase Shift
 29153 | D:15     | Learned a level 5 spell: Summon Forest
 29367 | Lair:1   | Entered Level 1 of the Lair of Beasts
 29367 | Lair:1   | Found a deep blue altar of Sif Muna.
 29519 | Lair:1   | Noticed Grum
 29526 | Lair:1   | Killed Grum
 29901 | Lair:1   | Reached skill level 1 in Long Blades
 31433 | Lair:3   | Gained mutation: You can breathe flames. [potion of beneficial mutation]
 31516 | Lair:3   | Found a staircase to the Swamp.
 31557 | Swamp:1  | Entered Level 1 of the Swamp
 31694 | Swamp:3  | Noticed a thorn hunter
 31873 | Swamp:3  | Killed a thorn hunter
 31883 | Swamp:4  | Entered Level 4 of the Swamp
 31883 | Swamp:4  | Noticed a tentacled monstrosity
 32341 | Swamp:4  | Noticed the 27-headed Lernaean hydra
 32349 | Swamp:4  | Killed from afar by a swamp dragon

Vault maps used:
D:1:      ldierk_walled_garden, minivault_19, patterned_corridor
D:3:      grunt_dithmenos_smoke_and_mirrors, uniq_natasha,
          uniq_crazy_yiuf_cottage, uniq_sigmund
D:4:      grunt_temple_overflow_cloverleaf, first_bread
D:5:      bloody_trog, gup_ossuary_entry_pyramid
D:6:      ashenzari_altar_1, minmay_temple_entry_poolview, serial_curves,
          eino_curves_03, eino_curves_01, minmay_crossroads, uniq_pikel,
          uniq_grinder
D:7:      xom_confusion_cloud
D:9:      fedhas_bush_and_centaur_altar, david_orc_3, serial_shops, shop,
          hangedman_tell_no_tales, uniq_gastronok
D:10:     minmay_lair_entry_grove, lightli_fourway_metalbox
D:11:     lab_entry_generic, minmay_misc_feat_tower, uniq_erolcha
D:12:     hangedman_cross_veins, kennysheep_generic_room_7
D:13:     david_vaults_3, portal_ice_cave_entry_ice_beasts, uniq_frances,
          uniq_maud
D:14:     minmay_misc_feat_chi
D:15:     hangedman_depths_entry_civil_slaughter, lemuel_another_geyser
Lair:1:   basic_altar, grunt_megastairs_3, uniq_grum
Lair:3:   minmay_swamp_entry_swarm
Swamp:1:  evilmike_swamp_ruin_rubble_2
Swamp:2:  nicolae_swamp_orc_logging_accident
Swamp:3:  evilmike_swamp_ruin_rubble_1, uniq_louise
Swamp:4:  swamp_alternative
Orc:1:    uniq_maurice
Orc:2:    trog_hazing_becter, uniq_rupert
Orc:3:    basic_altar, nicolae_orc_pool_cavern, nicolae_alphabet_shops
Orc:4:    grunt_orc_cross, serial_shops, shop
Elf:1:    serial_shops, shop, minmay_elf_crystal_hexagon, uniq_agnes
Elf:2:    uniq_jorgrun
Elf:3:    grunt_elf_hall_spiral, serial_shops, shop,
          serial_sigils_hangedman_confine, eino_tiny_chamber
Ossuary:  ossuary_tomb_3
IceCv:    ice_cave_statue_garden_02

Action                   |  1- 3 |  4- 6 |  7- 9 | 10-12 | 13-15 || total
-------------------------+-------+-------+-------+-------+-------++-------
Melee: Hand axe          |   124 |    85 |    17 |       |       ||   226
       Short sword       |       |    85 |     9 |       |       ||    94
       Quarterstaff      |       |    13 |   111 |       |       ||   124
       Dagger            |       |       |    83 |       |       ||    83
       Whip              |       |       |    57 |   843 |  1313 ||  2213
       War axe           |       |       |       |       |   127 ||   127
 Fire: Blowgun           |       |       |    58 |   174 |    84 ||   316
Throw: Tomahawk          |       |     2 |       |       |       ||     2
 Cast: Summon Small Mamm |    26 |     5 |     1 |    34 |    21 ||    87
       Call Imp          |    10 |    55 |    49 |   131 |    65 ||   310
       Apportation       |       |       |       |       |     7 ||     7
       Phase Shift       |       |       |       |       |     5 ||     5
       Blink             |       |       |       |       |     1 ||     1
       Passage of Golubr |       |       |       |       |     1 ||     1
       Shroud of Golubri |       |       |       |       |     1 ||     1
Invok: Call Merchant     |       |       |     1 |     2 |     1 ||     4
       Potion Petition   |       |       |       |       |     6 ||     6
 Abil: Evoke Invisibilit |       |       |       |     1 |       ||     1
       Breathe Fire      |       |       |       |       |     1 ||     1
Evoke: Wand              |       |     2 |       |     4 |    24 ||    30
       Fan of gales      |       |       |       |       |     2 ||     2
       Sack of spiders   |       |       |       |       |     8 ||     8
       Rod               |       |       |       |       |     2 ||     2
       Stone of tremors  |       |       |       |       |     1 ||     1
  Use: Potion            |     1 |       |       |     5 |     9 ||    15
       Scroll            |       |    15 |    15 |     6 |    26 ||    62
 Stab: Distracted        |       |     2 |     3 |    12 |    19 ||    36
       Sleeping          |       |       |     6 |     3 |       ||     9
       Paralysed         |       |       |     1 |       |       ||     1
       Invisible         |       |       |       |     2 |       ||     2
       Betrayed ally     |       |       |       |     1 |       ||     1
  Eat: Chunk             |     7 |     9 |       |       |       ||    16
       Pizza             |       |     2 |       |       |     6 ||     8
       Bread ration      |       |     1 |     3 |       |     7 ||    11
       Beef jerky        |       |       |     3 |     2 |     2 ||     7
       Meat ration       |       |       |     1 |       |       ||     1
       Fruit             |       |       |       |    16 |     4 ||    20
       Royal jelly       |       |       |       |     4 |       ||     4
